AoeStats
← aka_Faris

Arabia

510160745Analyzed
1v1 RM · 2d ago on Sep 29, 2026· 43m 18s· 2 players
Game mode
Random Map
Map size
Tiny (2 player)
Population
200
Speed
Normal
Resources
Standard
Victory
Conquest
Starting age
Dark Age
Ending age
Imperial Age
RankedLock teamsTeams togetherTeam positionsShared explorationLock speedFull tech treeHidden civsTurbo modeCheats
Victory
Defeat
🇬🇧 Dravidians · United Kingdom
1421
+14
🇦🇷 Britons · Argentina
1386
-14
Dent
7:25 Loom
9:52 Feudal Age
10:02 Man-at-Arms
10:31 Double-Bit Axe
11:08 Horse Collar
14:27 Fletching
17:22 Padded Archer Armor
19:03 Wheelbarrow
23:40 Castle Age
22:30 Gold Mining
24:24 Bodkin Arrow
23:50 Crossbowman
27:02 Elite Skirmisher
34:51 Imperial Age
33:11 Leather Archer Armor
33:18 Hand Cart
33:32 Bow Saw
34:33 Ballistics
35:49 Bracer
36:51 Chemistry
36:55 Two-Man Saw
37:02 Ring Archer Armor
38:44 Conscription
aka_Faris
7:30 Loom
9:42 Feudal Age
9:51 Man-at-Arms
11:35 Double-Bit Axe
11:40 Horse Collar
13:51 Wheelbarrow
18:15 Fletching
18:28 Padded Archer Armor
21:09 Castle Age
19:32 Fletching
20:03 Gold Mining
21:50 Bodkin Arrow
23:10 Bow Saw
22:25 Elite Skirmisher
24:42 Leather Archer Armor
26:50 Town Watch
27:36 Heavy Plow
28:29 Heavy Plow
29:31 Ballistics
30:33 Hand Cart
31:57 Thumb Ring
36:33 Imperial Age
34:56 Husbandry
37:35 Bracer
38:59 Chemistry
40:26 Ring Archer Armor
41:08 Masonry
41:41 Conscription
41:32 Medical Corps
41:24 Light Cavalry
42:11 Scale Barding Armor
42:17 Forging
42:40 Elite Elephant Archer
Connection lost

Rejoining the realm…

Still unreachable

The connection could not be restored.

Session expired

The server has moved on; the page needs a fresh start.